 Dungeon Crawl Stone Soup version 0.31-a0-435-g2c6fae2916 (webtiles) character file.

Game seed: 2971012284888112556

2653 Xavori the Covered (level 9, -5/65 HPs)
             Began as a Djinni Chaos Knight on Aug 1, 2023.
             Was a Plaything of Xom.
             Slain by Grum
             ... wielding a +0 spear
              (13 damage)
             ... on level 8 of the Dungeon.
             The game lasted 00:07:56 (10218 turns).

Xavori the Covered (Djinni Chaos Knight)           Turns: 10218, Time: 00:07:57

Health: -5/65      AC:  7    Str: 17      XL:     9   Next: 93%
Gold:   393        EV: 12    Int: 16      God:    Xom [..*...] SH:  0 Dex: 14 (15)

rFire   + + +        m - +11 dagger of the Hawk {flame, rN++}
rCold   x . .        (no shield)
rNeg    + + .        r - +1 ring mail of Intuition {Fly}
rPois   ∞            (helmet restricted)
rElec   +            (no cloak)
rCorr   .            (no gloves)
SInv    +            (boots unavailable)
Will    .....        (no amulet)
Stlth   ++           d - ring of wizardry
HPRegen 0.30/turn    u - ring of protection from fire
MPRegen 0.00/turn

%: clarity, wizardry (x1), infuse magic (-6 HP)
@: attractive, flying
A: sickness immunity, fire resistance 2, cold vulnerability 1, float, innate
caster, HP casting, extra vitality 1, antennae 1, see invisible, agile 1,
clarity, clever 1, deterioration 2, mutation resistance 1, sense surroundings 1,
electricity resistance, strong 1
a: Renounce Religion


You were on level 8 of the Dungeon.
You worshipped Xom.
You were a toy of Xom.
You visited 1 branch of the dungeon, and saw 8 of its levels.

You collected 463 gold pieces.
You spent 70 gold pieces at shops.

Inventory:

Hand Weapons
 a - a +0 falchion of chaos
 m - the +11 dagger of the Hawk (weapon) {flame, rN++}
   (You found it on level 3 of the Dungeon)

   rN:        It greatly protects you from negative energy.
Missiles
 s - 2 throwing nets
Armour
 b - a +2 leather armour
 r - the +1 ring mail of Intuition (worn) {Fly}
   (You found it on level 2 of the Dungeon)

   Fly:       It grants you flight.
Jewellery
 d - a ring of wizardry (left hand)
 u - a ring of protection from fire (right hand)
 D - a ring of ice
Talismans
 y - a beast talisman
Wands
 g - a wand of roots (15)
Scrolls
 c - a scroll of butterflies
 e - 3 scrolls of enchant weapon
 j - a scroll of fog
 o - a scroll of fear
 p - a scroll of silence
 t - 6 scrolls of teleportation
 v - a scroll of immolation {unknown}
 w - a scroll of amnesia {unknown}
 C - a scroll of enchant armour {unknown}
Potions
 f - a potion of curing
 h - a potion of haste {unknown}
 i - a potion of resistance
 k - a potion of lignification {unknown}
 l - a potion of attraction
 n - 2 potions of might {unknown}
 q - a potion of magic {unknown}
 x - 2 potions of brilliance {unknown}
 z - 2 potions of cancellation {unknown}
 A - a potion of mutation {unknown}
 B - a potion of berserk rage {unknown}


   Skills:
 + Level 5.4 Fighting
 + Level 5.1(5.9) Short Blades
 + Level 4.2(5.4) Long Blades
 + Level 6.4 Armour
 + Level 5.0 Dodging
 + Level 3.3 Stealth
 * Level 3.2 Spellcasting
 * Level 3.2 Conjurations
 * Level 3.2 Hexes
 * Level 3.2 Summonings
 * Level 3.2 Necromancy
 * Level 3.2 Translocations
 * Level 3.2 Transmutations
 * Level 3.2 Fire Magic
 * Level 3.2 Ice Magic
 * Level 3.2 Air Magic
 * Level 3.2 Earth Magic
 * Level 3.2 Poison Magic


You knew the following spells:

 Your Spells              Type           Power      Damage    Failure   Level
a - Slow                  Hex            48%        N/A       3%          1
b - Searing Ray           Conj           24%        2d5       4%          2
c - Teleport Other        Tloc           12%        N/A       10%         3
d - Frozen Ramparts       Ice            24%        1d4       10%         3
Your spell library was empty.

Dungeon Overview and Level Annotations

Branches:
Dungeon (8/15)             Temple (0/1) D:4
   Lair: D:8-11

Altars:
Cheibriados
Dithmenos
Fedhas
Gozag
Makhleb
Nemelex Xobeh
Okawaru
Qazlal
Trog
Uskayaw
Wu Jian
Xom
Yredelemnul
The Shining One

Shops:
D:2 ?

Annotations:
D:8 Grum


Innate Abilities, Weirdness & Mutations

You are immune to sickness and miasma.
You are immune to poison.
Your flesh is very heat resistant. (rF++)
You are vulnerable to cold. (rC-)
You float through the air rather than walking.
You learn spells naturally, not from books.
Your magical power is your life essence.
You have superior vitality. (+4 MHP)
You have a pair of small antennae on your head.
You have supernaturally acute eyesight. (SInv)
You are agile. (Dex +4, Str/Int -1)
You possess an exceptional clarity of mind.
Your mind is acute. (Int +4, Str/Dex -1)
Your body often deteriorates upon taking damage.
You are somewhat resistant to further mutation.
You passively map a small area around you.
You are resistant to electric shocks. (rElec)
Your muscles are strong. (Str +4, Int/Dex -1)


Message History

The gnoll bouda is healed somewhat.
The wall freezes Grum.
Grum hits you but does no damage.
You hit the gnoll bouda. You burn the gnoll bouda.
The gnoll bouda is severely wounded.
The wall freezes the wolf but does no damage.
The wall freezes the gnoll bouda.
The gnoll bouda gazes fiercely through you!
You feel your attacks grow feeble.
The gnoll bouda hits you with a +0 whip.
You hit the gnoll bouda. You burn the gnoll bouda.
You kill the gnoll bouda!
The wall freezes the wolf but does no damage.
The wall freezes Grum but does no damage.
Grum throws a stone.
The stone hits you!
The wall freezes the wolf but does no damage.
Unknown command.
Your frozen ramparts will break if you move.
Continue?
The frozen ramparts melt away as you move.
The gnoll seems less confused.
Grum hits you from afar with a +0 spear!
* * * LOW HITPOINT WARNING * * *
Grum is no longer moving quickly.
Grum barely misses you.
Okay, then.
You hit Grum. You burn Grum.
Grum is moderately wounded.
Your attacks no longer feel as feeble.
Grum barely misses you.
You hit Grum. You burn Grum.
Grum is heavily wounded.
Grum hits you with a +0 spear!
* * * LOW HITPOINT WARNING * * *
You hit Grum. You burn Grum.
Grum is heavily wounded.
It was a potion of attraction.
You feel attractive to monsters.
Xom roars with laughter!
Grum hits you with a +0 spear!
You die...
Xom giggles madly!

,*, .. ..# * # ##. ,* **g##.# *
* ,*#.##.# .#.# * * * * #..... ,
##..# * #...#.# * ,#).)# #
,###*#.. * , , #.#..##
#.#######.# ##.
*#...g###.........# #) ###
#..#gh############### #) ...
#..##hg@............###) #.#
#..################..##)
...*#..###...........###.##)
######.##..##..#########......#)
..............## ###^..###....
**#######.###.## #...### #.### ,
, ...##.# #.# #.### #.#
##.##.###.# #.# #.# #.........#
#.# #.#


You could see Grum, 2 wolves and 2 gnolls.

Vanquished Creatures
  2 steam dragons
  A water moccasin (D:6)
  2 orc warriors
  A black bear (D:6)
  A sky beast (D:6)
  An ogre (D:7)
  3 centaurs
  3 phantoms
  3 bullfrogs
  2 kobold brigands
  A gnoll sergeant (D:8)
  5 killer bees (D:7)
  5 orc priests
  A hound (D:5)
  A sleepcap (D:5)
  A gnoll bouda (D:8)
  Terence (D:3)
  3 iguanas
  3 orc wizards
  15 gnolls
  8 adders
  A shadow imp (D:7)
  2 white imps (D:7)
  2 worms
  4 dart slugs
  24 orcs
  2 bats
  6 endoplasms
  A giant cockroach (D:2)
  3 goblins
  5 hobgoblins
  2 jackals (D:2)
  16 kobolds
  3 quokkas
  4 ball pythons
  3 frilled lizards
  10 rats
151 creatures vanquished.

Vanquished Creatures (others)
  A phantom (D:7)
1 creature vanquished.

Grand Total: 152 creatures vanquished

Notes
Turn   | Place    | Note
-------+----------+-------------------------------------------
     0 | D:1      | Xavori the Djinni Chaos Knight began the quest for the Orb.
     0 | D:1      | Reached XP level 1. HP: 20/20 MP: 0/0
   628 | D:1      | XOM: 1-stop teleportation journey
   761 | D:1      | Found a faded altar of an unknown god.
   766 | D:1      | Reached XP level 2. HP: 25/25 MP: 0/0
  1242 | D:1      | XOM: give mutations
  1242 | D:1      | Gained mutation: Your spells are a little harder to cast,
                  | but a little more powerful. [Xom's mischief]
  1242 | D:1      | Gained mutation: You are robust. (+10% HP) [Xom's mischief]
  1242 | D:1      | Gained mutation: You are somewhat resistant to further
                  | mutation. [Xom's mischief]
  1243 | D:1      | Reached XP level 3. HP: 30/33 MP: 0/0
  1243 | D:1      | Learned a level 1 spell: Slow
  1369 | D:1      | XOM: scenery: create altars
  1403 | D:2      | XOM: stealth player
  1713 | D:1      | XOM is BORED!
  1791 | D:1      | XOM: summons 4 hostile shadow creatures
  3119 | D:1      | XOM: give mutations
  3119 | D:1      | Gained mutation: You possess an exceptional clarity of
                  | mind. [Xom's grace]
  3119 | D:1      | Gained mutation: Your muscles are strong. (Str +4, Int/Dex
                  | -1) [Xom's grace]
  3119 | D:1      | Gained mutation: You are agile. (Dex +4, Str/Int -1) [Xom's
                  | grace]
  3657 | D:1      | XOM: god gift: leather armour {god gift}
  3902 | D:1      | XOM: give mutations
  3902 | D:1      | Gained mutation: You are very agile. (Dex +8, Str/Int -2)
                  | [Xom's grace]
  3902 | D:1      | Gained mutation: You are somewhat resistant to both further
                  | mutation and mutation removal. [Xom's grace]
  3902 | D:1      | Gained mutation: Your mind is acute. (Int +4, Str/Dex -1)
                  | [Xom's grace]
  4036 | D:2      | Reached XP level 4. HP: 33/38 MP: 0/0
  4206 | D:2      | XOM: polymorph jackal -> orc
  4207 | D:2      | XOM: swap monsters
  4214 | D:2      | Reached skill level 2 in Armour
  4419 | D:2      | XOM: 2-stop teleportation journey
  4469 | D:2      | Found Cibbu's Magic Scroll Shop.
  4477 | D:2      | Bought a scroll of noise for 10 gold pieces
  4477 | D:2      | Bought a scroll of identify for 20 gold pieces
  4477 | D:2      | Bought a scroll of identify for 20 gold pieces
  4477 | D:2      | Bought a scroll of identify for 20 gold pieces
  4502 | D:2      | Reached XP level 5. HP: 40/44 MP: 0/0
  4502 | D:2      | Learned a level 2 spell: Searing Ray
  4544 | D:2      | XOM: cloud trail
  4907 | D:2      | Identified the +1 ring mail of Intuition {Fly}
  5107 | D:3      | Reached skill level 1 in Stealth
  5107 | D:3      | Reached skill level 1 in Spellcasting
  5107 | D:3      | Reached skill level 1 in Conjurations
  5107 | D:3      | Reached skill level 1 in Hexes
  5107 | D:3      | Reached skill level 1 in Summonings
  5107 | D:3      | Reached skill level 1 in Necromancy
  5107 | D:3      | Reached skill level 1 in Translocations
  5107 | D:3      | Reached skill level 1 in Transmutations
  5107 | D:3      | Reached skill level 1 in Fire Magic
  5107 | D:3      | Reached skill level 1 in Ice Magic
  5107 | D:3      | Reached skill level 1 in Air Magic
  5107 | D:3      | Reached skill level 1 in Earth Magic
  5107 | D:3      | Reached skill level 1 in Poison Magic
  5158 | D:3      | Found a basalt altar of Yredelemnul.
  5166 | D:3      | Identified the +11 dagger of the Hawk {flame, rN++}
  5306 | D:3      | Noticed Terence
  5312 | D:3      | Killed Terence
  5313 | D:3      | Reached XP level 6. HP: 43/50 MP: 0/0
  5353 | D:3      | Found a bloodstained altar of Trog.
  5923 | D:4      | XOM: polymorph something unseen -> hound
  5931 | D:4      | XOM: polymorph hound -> centaur
  5948 | D:4      | XOM: destruction
  5960 | D:3      | Reached skill level 1 in Short Blades
  6024 | D:3      | XOM: draining
  6093 | D:4      | XOM: butterfly on damage
  6181 | D:3      | XOM: stat loss: -1 Dex (18/19)
  6187 | D:4      | Reached XP level 7. HP: 39/54 MP: 0/0
  6187 | D:4      | Learned a level 3 spell: Teleport Other
  6244 | D:4      | XOM: give mutations
  6244 | D:4      | Gained mutation: Your body sometimes deteriorates upon
                  | taking damage. [Xom's mischief]
  6244 | D:4      | Lost mutation: Your spells are a little harder to cast, but
                  | a little more powerful. [Xom's mischief]
  6298 | D:4      | Found a staircase to the Ecumenical Temple.
  6338 | D:4      | Found a glowing golden altar of the Shining One.
  6338 | D:4      | Found a sparkling altar of Nemelex Xobeh.
  6342 | D:4      | Found a shadowy altar of Dithmenos.
  6350 | D:4      | Found a hide-covered altar of Uskayaw.
  6350 | D:4      | Found an opulent altar of Gozag.
  6354 | D:4      | XOM: repel stairs
  6357 | D:4      | Reached skill level 3 in Armour
  6394 | D:4      | XOM: give mutations
  6394 | D:4      | Lost mutation: You are robust. (+10% HP) [Xom's mischief]
  6394 | D:4      | Lost mutation: Your muscles are strong. (Str +4, Int/Dex
                  | -1) [Xom's mischief]
  6394 | D:4      | Lost mutation: You are very agile. (Dex +8, Str/Int -2)
                  | [Xom's mischief]
  6394 | D:4      | Lost mutation: You are somewhat resistant to both further
                  | mutation and mutation removal. [Xom's mischief]
  6411 | D:4      | XOM: give mutations
  6411 | D:4      | Gained mutation: You are resistant to electric shocks.
                  | (rElec) [Xom's mischief]
  6411 | D:4      | Gained mutation: Your body often deteriorates upon taking
                  | damage. [Xom's mischief]
  6450 | D:4      | You are sucked into a shaft and drop 3 floors!
  6467 | D:7      | XOM: divine lightning
  6481 | D:7      | Noticed a steam dragon
  6494 | D:7      | Killed a steam dragon
  6502 | D:7      | XOM: scenery: summon butterflies
  6511 | D:7      | Reached XP level 8. HP: 52/58 MP: 0/0
  6527 | D:7      | Reached skill level 4 in Armour
  6678 | D:6      | XOM: scenery: create altars
  7030 | D:5      | Entered Level 5 of the Dungeon
  7346 | D:4      | Found a blossoming altar of Fedhas.
  7465 | D:4      | XOM: god gift: 49 gold pieces
  7900 | D:4      | XOM: give mutations
  7900 | D:4      | Gained mutation: Your muscles are strong. (Str +4, Int/Dex
                  | -1) [Xom's grace]
  7900 | D:4      | Gained mutation: You have a pair of small antennae on your
                  | head. [Xom's grace]
  7900 | D:4      | Gained mutation: You passively map a small area around you.
                  | [Xom's grace]
  7900 | D:4      | Gained mutation: You have supernaturally acute eyesight.
                  | (SInv) [Xom's grace]
  7973 | D:5      | Reached skill level 5 in Armour
  7982 | D:5      | XOM: potion effect (might)
  7988 | D:5      | Reached XP level 9. HP: 63/63 MP: 0/0
  7988 | D:5      | Learned a level 3 spell: Frozen Ramparts
  7999 | D:5      | XOM: cloud trail
  8148 | D:5      | Found an ornate altar of the Wu Jian Council.
  8189 | D:5      | XOM: silly message
  8641 | D:6      | Reached skill level 5 in Fighting
  8796 | D:6      | Found a snail-covered altar of Cheibriados.
  9026 | D:6      | XOM is BORED!
  9253 | D:7      | XOM: potion effect (invisibility)
  9277 | D:7      | Reached skill level 6 in Armour
  9400 | D:7      | Found an iron altar of Okawaru.
  9401 | D:7      | Found a stormy altar of Qazlal.
  9420 | D:7      | XOM: silly message
  9430 | D:7      | XOM: silly message
  9758 | D:7      | Found a burning altar of Makhleb.
  9765 | D:7      | XOM: potion effect (might)
  9831 | D:8      | Reached skill level 5 in Short Blades
 10045 | D:8      | XOM: noise
 10068 | D:8      | XOM: potion effect (brilliance)
 10086 | D:8      | Reached skill level 5 in Dodging
 10187 | D:8      | Noticed a two-headed ogre
 10196 | D:8      | XOM: confuse monster(s)
 10196 | D:8      | Noticed Grum
 10218 | D:8      | Slain by Grum

Illustrated notes

Levels and vault maps discovered:
D:1:      dpeg_arrival_ratfight, layout_basic,
          hellmonk_ecumenical_altar_pennies_from_heaven
D:2:      layout_loops_corners, serial_shops, shop, nicolae_figureground_pulse
D:3:      wander_river, layout_rooms, nicolae_vehumet_radiance,
          nicolae_overflow_crystal_walls, lemuel_tele_altar, uniq_terence
D:4:      layout_basic, nicolae_overflow_hallway_of_the_gods,
          minmay_temple_entry_sparse_star
D:5:      layout_cave_pools, mainiacjoe_overflow_alcove_1
D:6:      layout_loops_corners, lemuel_doored_altar, minmay_tree_intersection
D:7:      layout_loops_ring, mainiacjoe_overflow_divided_tiny,
          david_defended_altar_orc
D:8:      layout_loops_ring, serial_co_window_serial, co_window_paths_a,
          co_window_paths_b, co_window_paths_a, co_window_corner_a,
          co_window_cross_1, co_window_broadway_a, co_window_paths_c,
          co_window_2corner, co_window_paths_c, co_window_paths_c,
          co_window_sun, glass_columns_a, uniq_grum

Skill      XL: |  1  2  3  4  5  6  7  8  9 |
---------------+----------------------------+-----
Long Blades    | 3 4 |  4.2
Armour         | 2 3 5 6 |  6.4
Stealth        | 1 2 3 |  3.3
Spellcasting   | 1 2 3 |  3.2
Conjurations   | 1 2 3 |  3.2
Hexes          | 1 2 3 |  3.2
Summonings     | 1 2 3 |  3.2
Necromancy     | 1 2 3 |  3.2
Translocations | 1 2 3 |  3.2
Transmutations | 1 2 3 |  3.2
Fire Magic     | 1 2 3 |  3.2
Ice Magic      | 1 2 3 |  3.2
Air Magic      | 1 2 3 |  3.2
Earth Magic    | 1 2 3 |  3.2
Poison Magic   | 1 2 3 |  3.2
Short Blades   | 1 2 3 5 |  5.1
Dodging        | 3 4 5 |  5.0
Fighting       | 4 5 |  5.4

Action                     |  1- 3 |  4- 6 |  7- 9 || total
---------------------------+-------+-------+-------++-------
  Melee: Falchion          |    48 |    97 |       ||   145
         Punch             |     1 |     1 |     6 ||     8
         Dagger            |       |    60 |   228 ||   288
   Cast: Frozen Ramparts   |       |       |     3 ||     3
    Use: Scroll            |       |     6 |     2 ||     8
         Potion            |       |       |     2 ||     2
   Stab: Sleeping          |       |     5 |     1 ||     6
         Paralysed         |       |     2 |       ||     2
         Distracted        |       |     1 |       ||     1
         Invisible         |       |       |     6 ||     6
 Armour: Leather armour    |    12 |    24 |       ||    36
         Ring mail         |       |    19 |    70 ||    89
  Dodge: Dodged            |    23 |    96 |   122 ||   241

Table legend: (Time is in decaauts)
 A = Elapsed time spent in this place.
 B = Non-inter-level travel time spent in this place.
 C = Inter-level travel time spent in this place.
 D = Time resting spent in this place.
 E = Time spent auto-exploring this place.
 F = Levels seen in this place.
 G = Mean time per level.
                   A        B        C        D        E       F      G
               +--------+--------+--------+--------+--------+-----+--------+
         Total |  10181 |   9913 |    268 |   4262 |   4576 |   8 | 1272.6 |
       Dungeon |  10181 |   9913 |    268 |   4262 |   4576 |   8 | 1272.6 |
               +--------+--------+--------+--------+--------+-----+--------+

Top non-repeatable levels by time:
     D:1: 3802 daAuts
     D:4: 1329 daAuts
     D:2: 1275 daAuts
     D:6: 1169 daAuts
     D:7: 929 daAuts
     D:3: 820 daAuts
     D:5: 463 daAuts
     D:8: 391 daAuts
